AoeStats
← JamesRyan18769

Arabia

510875982Analyzed
2v2 RM · 5h ago on Oct 2, 2026· 22m 58s· 4 players
Game mode
Random Map
Map size
Medium (4 player)
Population
200
Speed
Normal
Resources
Standard
Victory
Conquest
Starting age
Dark Age
Ending age
Imperial Age
RankedLock teamsTeams togetherTeam positionsShared explorationLock speedFull tech treeHidden civsTurbo modeCheats
Victory
Defeat
🇺🇸 Armenians · United States
653
+20
🇵🇹 Vietnamese · Portugal
651
+20
🇦🇹 Celts · Austria
749
-20
🇦🇹 Cumans · Austria
748
-20
JamesRyan18769
1:57 Loom
2:31 Loom
10:03 Feudal Age
10:50 Double-Bit Axe
12:05 Horse Collar
15:00 Wheelbarrow
15:43 Town Watch
16:41 Man-at-Arms
17:47 Forging
17:38 Scale Mail Armor
18:01 Scale Mail Armor
Packelwudding
2:45 Loom
10:27 Feudal Age
11:05 Double-Bit Axe
12:20 Horse Collar
19:00 Wheelbarrow
19:31 Man-at-Arms
wJesusRVzla
8:01 Loom
11:14 Feudal Age
15:05 Double-Bit Axe
17:29 Padded Archer Armor
17:21 Fletching
17:27 Horse Collar
18:25 Wheelbarrow
Luisftrujillob
6:27 Loom
11:19 Feudal Age
12:44 Horse Collar
13:17 Arson
14:16 Man-at-Arms
14:58 Long Swordsman
Connection lost

Rejoining the realm…

Still unreachable

The connection could not be restored.

Session expired

The server has moved on; the page needs a fresh start.